 Dungeon Crawl Stone Soup version 0.17.0-26-gececa24 (webtiles) character file.

3542 Medar the Slicer (level 10, -9/63 HPs)
             Began as a Halfling Ice Elementalist on Nov 19, 2015.
             Was a Believer of Zin.
             Hit by a tomahawk of returning thrown by an orc warrior (11 damage)
             ... on level 8 of the Dungeon.
             The game lasted 00:41:02 (10777 turns).

Medar the Slicer (Halfling Ice Elementalist)       Turns: 10777, Time: 00:41:02

Health: -9/63      AC:  5    Str:  9    XL:     10   Next: 29%
Magic:  6/13       EV: 17    Int: 22    God:    Zin [**....]
Gold:   154        SH:  6    Dex: 16    Spells: 4 memorised, 2 levels left

rFire  . . .     SeeInvis .     a - +0 rapier
rCold  . . .     Clarity  .     j - +0 robe
rNeg   + . .     SustAt   .     (shield restricted)
rPois  +         Gourm    .     e - +2 hat
rElec  .         Spirit   .     (no cloak)
rCorr  .         Warding  +     u - +0 pair of gloves
rMut   .         Stasis   .     (no boots)
MR     .....                    A - amulet of warding
Stlth  ++........               U - ring of poison resistance
                                s - +6 ring of intelligence

@: short of breath, icy shield, very slightly contaminated, not resistant to
hostile enchantments, unstealthy
A: mutation resistance 1
a: Recite, Vitalisation, Donate Gold, Renounce Religion


You were on level 8 of the Dungeon.
You worshipped Zin.
Zin was pleased with you.
You were very hungry.

You visited 2 branches of the dungeon, and saw 9 of its levels.

You collected 565 gold pieces.
You spent 242 gold pieces at shops.
You donated 169 gold pieces to Zin.

Inventory:

Hand Weapons
 a - a +0 rapier (weapon)
 n - a +0 dagger
 y - a +0 short sword
Missiles
 d - 46 poisoned needles
 m - 7 needles of slowing
 z - 10 tomahawks (quivered)
 R - 2 throwing nets {=f =F}
Armour
 e - a +2 hat (worn)
 j - a +0 robe (worn)
 u - a +0 pair of gloves (worn)
 D - a pearl dragon hide
Jewellery
 h - an uncursed amulet of resist corrosion
 q - an uncursed ring of protection from cold
 s - a +6 ring of intelligence (left hand)
 A - an amulet of warding (around neck)
 O - an uncursed ring of protection from cold
 P - an uncursed ring of see invisible
 U - a ring of poison resistance (right hand)
Wands
 t - a wand of frost (13)
 G - a wand of magic darts (19)
 H - a wand of magic darts (13)
Scrolls
 o - 3 scrolls of remove curse {@r1}
 p - a scroll of fear {unknown}
 r - 2 scrolls of magic mapping {@r3}
 B - a scroll of amnesia
 F - 2 scrolls of teleportation
 M - 3 scrolls of recharging {unknown}
 T - a scroll of blinking {unknown}
Potions
 g - a potion of flight
 i - a potion of brilliance {unknown}
 k - a potion of invisibility
 v - a potion of agility {unknown}
 w - a potion of degeneration {unknown}
 I - a potion of lignification {unknown}
 L - a potion of cure mutation {unknown}
Books
 b - a book of Frost

   Spells                             Type                      Level
   a - Freeze                         Ice                          1
   b - Throw Frost                    Conjuration/Ice              2
   c - Ozocubu's Armour               Charms/Ice                   3
   d - Throw Icicle                   Conjuration/Ice              4
   e - Summon Ice Beast               Ice/Summoning                4
   f - Condensation Shield            Ice                          4
 C - a book of Death

   Spells                             Type                      Level
   a - Corpse Rot                     Necromancy                   2
   b - Sublimation of Blood           Necromancy                   2
   c - Agony                          Necromancy                   5
   d - Dispel Undead                  Necromancy                   5
   e - Excruciating Wounds            Charms/Necromancy            5
   f - Bolt of Draining               Conjuration/Necromancy       5
   Zin disapproves of the use of such an item.
 K - a book of the Tempests

   Spells                             Type                      Level
   a - Static Discharge               Conjuration/Air              3
   b - Lightning Bolt                 Conjuration/Air              5
   c - Fireball                       Conjuration/Fire             5
   d - Tornado                        Air                          9
   e - Shatter                        Earth                        9
 N - a book of Annihilations

   Spells                             Type                      Level
   a - Poison Arrow                   Conjuration/Poison           6
   b - Chain Lightning                Conjuration/Air              8
   c - Lehudib's Crystal Spear        Conjuration/Earth            8
   d - Glaciate                       Conjuration/Ice              9
   e - Fire Storm                     Conjuration/Fire             9
Comestibles
 c - 7 bread rations {@e1}
 f - 11 fruits {@e3}
 x - 2 meat rations {@e2}
 J - a royal jelly
 S - 6 beef jerkies


   Skills:
 - Level 3.0 Fighting
 - Level 14.0 Short Blades
 - Level 2.0 Armour
 - Level 4.1 Dodging
 - Level 2.1 Stealth
 - Level 1.5 Spellcasting
 - Level 0.7 Conjurations
 - Level 2.1 Charms
 - Level 5.2 Ice Magic
 + Level 4.4 Invocations


You had 2 spell levels left.
You knew the following spells:

 Your Spells              Type           Power        Failure   Level  Hunger
c - Throw Frost           Conj/Ice       ##....       10%         2    ###....
r - Ozocubu's Armour      Chrm/Ice       ###.....     12%         3    ###....
x - Freeze                Ice            ###.         1%          1    #......
y - Condensation Shield   Ice            ###.......   17%         4    #####..


Dungeon Overview and Level Annotations

Branches:
Dungeon (8/15)             Temple (1/1) D:7
   Lair: D:8-11

Altars:
Ashenzari
Cheibriados
Dithmenos
Elyvilon
Fedhas
Gozag
Kikubaaqudgha
Okawaru
Qazlal
Ru
Sif Muna
Trog
Zin
The Shining One

Shops:
D:4 *   D:7 =

Annotations:
D:4 SaintRoka's ghost, amateur OgEn
D:7 hadoken's ghost, novice MfSk


Innate Abilities, Weirdness & Mutations

You are small and have problems with some larger weapons.
You are somewhat resistant to further mutation.


Message History

The weapon returns to the orc warrior!
Drink which item? (? for menu, Esc to quit)
Okay, then.
Drink which item? (? for menu, Esc to quit)
You feel better.
The orc warrior throws a tomahawk of returning.
The tomahawk of returning closely misses you.
The weapon returns to the orc warrior!
The orc warrior throws a tomahawk of returning.
The tomahawk of returning completely misses you.
The weapon returns to the orc warrior!
The orc warrior throws a tomahawk of returning.
The tomahawk of returning hits you!
* * * LOW HITPOINT WARNING * * *
The weapon returns to the orc warrior!
Items here: )))) [[ ††† Your icy armour evaporates.
Your icy shield starts to melt.
The orc warrior throws a tomahawk of returning.
The tomahawk of returning hits you!
You die...

# #. #.######
#..<..[#####
.....##.###@...#
.## #)# #...##
#.###.####
#...))...# #
.#.######.##.#.####
..........o........
..####.#...o#.####
#............
#..######.###


You could see an orc warrior.

Vanquished Creatures
  Grinder (D:5)
  A two-headed ogre (D:8)
  The ghost of Pereza0 the Poker, an amateur DsCK of Xom (D:5)
  A black bear (D:7)
  2 ice beasts
  2 orc warriors
  4 sky beasts
  2 centaurs
  2 ogres (D:7)
  4 giant frogs
  Blork the orc (D:4)
  2 scorpions (D:7)
  5 wights
  2 crimson imps
  4 hounds
  A quasit (D:7)
  A centaur zombie (D:5)
  4 orc wizards
  2 giant frog skeletons (D:4)
  7 orc priests
  Natasha (thrice) (D:4)
  5 iguanas
  9 worker ants
  A hound zombie (D:5)
  A worker ant zombie (D:5)
  13 adders
  2 oozes
  2 worms (D:3)
  2 giant geckos
  31 orcs
  A ball python (D:1)
  7 bats
  8 giant cockroaches
  9 goblins
  11 hobgoblins
  9 jackals
  2 quokkas (D:3)
  6 giant newts
  12 kobolds
  A quokka zombie (D:6)
  6 rats (D:1)
190 creatures vanquished.

Vanquished Creatures (others)
  A plant (D:7)
1 creature vanquished.

Grand Total: 191 creatures vanquished

Notes
Turn   | Place    | Note
--------------------------------------------------------------
     0 | D:1      | Medar the Halfling Ice Elementalist began the quest for the Orb.
     0 | D:1      | Reached XP level 1. HP: 11/11 MP: 3/3
   248 | D:1      | Reached skill level 1 in Fighting
   382 | D:1      | Reached XP level 2. HP: 18/18 MP: 1/4
   630 | D:1      | Reached skill level 1 in Short Blades
   850 | D:1      | Reached XP level 3. HP: 23/23 MP: 3/5
  1134 | D:1      | Learned a level 3 spell: Ozocubu's Armour
  1215 | D:2      | Reached skill level 1 in Charms
  1272 | D:2      | Found a shattered altar of Ashenzari.
  1273 | D:2      | Found a bloodstained altar of Trog.
  1394 | D:2      | Found a white marble altar of Elyvilon.
  1842 | D:3      | Reached XP level 4. HP: 28/28 MP: 2/6
  2065 | D:3      | Found an ancient bone altar of Kikubaaqudgha.
  2216 | D:3      | Reached skill level 4 in Short Blades
  2267 | D:3      | Learned a level 2 spell: Throw Frost
  2318 | D:3      | Reached XP level 5. HP: 31/33 MP: 4/7
  2847 | D:3      | Reached skill level 5 in Short Blades
  3093 | D:4      | Noticed Blork the orc
  3290 | D:4      | Reached skill level 6 in Short Blades
  3290 | D:4      | Reached XP level 6. HP: 28/38 MP: 6/8
  3500 | D:4      | Found Foasyid's General Store.
  3513 | D:4      | Noticed Natasha
  3524 | D:4      | Killed Natasha
  3602 | D:4      | Killed Blork the orc
  3623 | D:4      | Bought a scroll of teleportation for 42 gold pieces
  3747 | D:4      | Reached skill level 5 in Ice Magic
  3747 | D:4      | Reached XP level 7. HP: 27/43 MP: 7/9
  4023 | D:4      | Noticed Natasha
  4035 | D:4      | Killed Natasha
  4228 | D:4      | Noticed Natasha
  4232 | D:4      | Killed Natasha
  4388 | D:4      | Noticed a phantom
  4500 | D:4      | Reached skill level 7 in Short Blades
  4539 | D:4      | Noticed SaintRoka's ghost (amateur OgEn)
  4914 | D:5      | Entered Level 5 of the Dungeon
  4914 | D:5      | Noticed Grinder
  5334 | D:5      | Noticed Pereza0's ghost (amateur DsCK)
  5618 | D:5      | Killed Grinder
  5618 | D:5      | Reached skill level 9 in Short Blades
  5618 | D:5      | Reached XP level 8. HP: 40/48 MP: 4/10
  5755 | D:5      | Killed Pereza0's ghost
  6152 | D:5      | Noticed a troll
  6449 | D:6      | Reached skill level 1 in Armour
  6509 | D:4      | Found a glowing golden altar of the Shining One.
  6877 | D:6      | Reached XP level 9. HP: 44/56 MP: 6/11
  6932 | D:6      | Found a blossoming altar of Fedhas.
  7361 | D:6      | Reached skill level 10 in Short Blades
  7440 | D:6      | Found a blossoming altar of Fedhas.
  7776 | D:7      | Reached skill level 11 in Short Blades
  7882 | D:7      | Found a stormy altar of Qazlal.
  7981 | D:7      | Noticed hadoken's ghost (novice MfSk)
  8217 | D:6      | Learned a level 4 spell: Condensation Shield
  8379 | D:7      | Reached skill level 12 in Short Blades
  8688 | D:7      | Found Dootut's Jewellery Shoppe.
  8691 | D:7      | Bought an uncursed ring of poison resistance for 200 gold pieces
  9204 | D:7      | Found an iron altar of Okawaru.
  9311 | D:7      | Found a staircase to the Ecumenical Temple.
  9321 | Temple   | Entered the Ecumenical Temple
  9369 | Temple   | Became a worshipper of Zin the Law-Giver
  9369 | Temple   | Reached * piety under Zin
  9391 | Temple   | Donated 137 gold pieces to Zin
  9442 | D:7      | Found an opulent altar of Gozag.
  9467 | D:7      | Reached ** piety under Zin
  9487 | D:7      | Reached skill level 13 in Short Blades
  9696 | D:7      | Reached XP level 10. HP: 33/63 MP: 9/12
 10354 | D:7      | Reached skill level 14 in Short Blades
 10444 | D:8      | Reached skill level 1 in Invocations
 10519 | D:8      | Found a deep blue altar of Sif Muna.
 10771 | D:8      | HP: 2/63 [orc warrior/tomahawk of returning (4)]
 10777 | D:8      | Hit by a tomahawk of returning thrown by an orc warrior

Action                   |  1- 3 |  4- 6 |  7- 9 | 10-12 || total
-------------------------+-------+-------+-------+-------++-------
Melee: Unarmed           |     2 |       |       |       ||     2
       Short sword       |    12 |    43 |       |       ||    55
       Rapier            |       |   166 |   690 |   154 ||  1010
 Cast: Freeze            |    59 |    16 |    29 |     3 ||   107
       Ozocubu's Armour  |     2 |    19 |    48 |     8 ||    77
       Throw Frost       |       |     4 |     5 |     2 ||    11
       Condensation Shie |       |       |     2 |     4 ||     6
Invok: Donate Gold       |       |       |     1 |       ||     1
       Recite            |       |       |       |     5 ||     5
Evoke: Wand              |       |       |     1 |       ||     1
  Use: Scroll            |       |     4 |     5 |       ||     9
       Potion            |       |       |     7 |     2 ||     9
 Stab: Sleeping          |     1 |     3 |     7 |       ||    11
       Invisible         |       |       |     3 |     1 ||     4
       Confused          |       |       |       |     1 ||     1
  Eat: Chunk             |     4 |    10 |    24 |     3 ||    41
       Pizza             |       |       |     2 |       ||     2
       Royal jelly       |       |       |       |     1 ||     1
